AoeStats
← starlord

Oasis

508894844Analyzed
2v2 RM · 9d ago on Sep 24, 2026· 44m 22s· 4 players
Game mode
Random Map
Map size
Medium (4 player)
Population
200
Speed
Normal
Resources
Standard
Victory
Conquest
Starting age
Dark Age
Ending age
Imperial Age
RankedLock teamsTeams togetherTeam positionsShared explorationLock speedFull tech treeHidden civsTurbo modeCheats
Victory
Defeat
🇫🇷 Britons · France
1182
+16
🇫🇷 Khitans · France
1128
+19
🇨🇿 Franks · Czechia
1193
-18
🇨🇿 Ethiopians · Czechia
1186
-17
wouanou
11:23 Feudal Age
16:48 Castle Age
15:28 Double-Bit Axe
16:45 Horse Collar
17:56 Crossbowman
19:23 Bow Saw
21:57 Pikeman
22:58 Gold Mining
23:28 Scale Mail Armor
24:47 Wheelbarrow
24:26 Stone Mining
24:58 Fletching
25:47 Bodkin Arrow
26:14 Heavy Plow
27:06 Hand Cart
26:37 Town Watch
28:24 Gold Shaft Mining
29:02 Padded Archer Armor
29:14 Forging
30:36 Chain Mail Armor
30:43 Squires
31:23 Iron Casting
35:39 Imperial Age
35:22 Ballistics
36:07 Halberdier
36:15 Arbalester
37:22 Bracer
38:32 Plate Mail Armor
39:03 Blast Furnace
39:00 Leather Archer Armor
41:38 Chemistry
41:22 Conscription
42:39 Two-Man Saw
42:59 Ring Archer Armor
42:36 Siege Engineers
43:06 Warwolf
42:53 Light Cavalry
44:35 Husbandry
44:42 Scale Barding Armor
Klarakitai
5:23 Loom
13:53 Feudal Age
14:26 Double-Bit Axe
18:22 Castle Age
16:14 Domestication
16:57 Domestication
18:40 Forging
18:39 Gold Mining
19:04 Husbandry
19:14 Scale Barding Armor
20:59 Iron Casting
26:07 Bow Saw
29:54 Wheelbarrow
29:08 Town Watch
31:40 Chain Barding Armor
32:58 Hand Cart
37:43 Imperial Age
36:27 Fletching
37:52 Bodkin Arrow
38:20 Scale Mail Armor
40:20 Chain Mail Armor
40:45 Conscription
39:51 Elite Liao Dao
40:41 Bracer
41:04 Ballistics
40:54 Squires
40:40 Arson
41:10 Stone Mining
42:17 Plate Mail Armor
45:31 Chemistry
Dormex
5:19 Loom
10:30 Feudal Age
11:15 Double-Bit Axe
11:18 Horse Collar
17:47 Castle Age
18:56 Bow Saw
20:29 Crossbowman
23:31 Gold Mining
34:20 Scale Mail Armor
34:32 Forging
34:41 Squires
43:08 Chain Mail Armor
43:28 Iron Casting
starlord
1:52 Loom
11:46 Feudal Age
12:30 Double-Bit Axe
16:16 Castle Age
18:03 Bow Saw
24:28 Forging
24:26 Scale Barding Armor
26:03 Gold Mining
26:28 Husbandry
28:50 Chain Barding Armor
29:05 Iron Casting
30:06 Wheelbarrow
35:10 Imperial Age
32:48 Murder Holes
33:04 Masonry
35:38 Fletching
35:17 Cavalier
37:46 Onager
44:16 Bodkin Arrow
Connection lost

Rejoining the realm…

Still unreachable

The connection could not be restored.

Session expired

The server has moved on; the page needs a fresh start.